 Dungeon Crawl Stone Soup version 0.19-a0-1007-g133f65f (webtiles) character file.

105498 mistymad the Warrior (level 16, -9/152 HPs)
             Began as a Formicid Abyssal Knight on July 19, 2016.
             Was the Champion of Lugonu.
             Mangled by a thorn hunter (18 damage)
             ... on level 1 of the Swamp.
             The game lasted 01:25:38 (25681 turns).

mistymad the Warrior (Formicid Abyssal Knight)     Turns: 25681, Time: 01:25:38

Health: -9/152     AC: 19    Str: 25    XL:     16   Next: 96%
Magic:  3/21       EV:  6    Int: 14    God:    Lugonu [******]
Gold:   1548       SH: 16    Dex: 11    Spells: 0 memorised, 15 levels left

rFire  . . .     SeeInvis +     w - +2 flail (drain)
rCold  . . .     Gourm    .     H - +1 chain mail of the Imp {+Inv rPois}
rNeg   . . .     Faith    .     l - +0 large shield
rPois  +         Spirit   .     (helmet unavailable)
rElec  .         Dismiss  .     e - +0 cloak
rCorr  .         Reflect  .     X - +0 pair of gloves
SustAt .         Harm     .     o - +0 pair of boots
MR     +....                    u - amulet of regeneration
Stlth  ..........               D - +4 ring of strength
                                U - ring of poison resistance

@: studying Stealth, drained, somewhat resistant to hostile enchantments,
extremely unstealthy
A: permanent stasis, dig shafts and tunnels, four strong arms, antennae 3,
robust 1
a: Dig, Shaft Self, Depart the Abyss, Bend Space, Banish, Corrupt, Enter the
Abyss, Brand Weapon With Distortion, Renounce Religion, Evoke Invisibility


You were on level 1 of the Swamp.
You worshipped Lugonu.
Lugonu was exalted by your worship.
You were very hungry.

You visited 5 branches of the dungeon, and saw 24 of its levels.
You visited the Abyss 5 times.

You collected 1951 gold pieces.
You spent 403 gold pieces at shops.

Inventory:

Hand Weapons
 t - the +7 war axe of Offence {antimagic, SInv}
   (You found it on level 4 of the Dungeon)

   It reduces the magical energy of the wielder, and disrupts the spells and
   magical abilities of those hit.
   Natural abilities and divine invocations are not affected.
   It lets you see invisible.
 w - a +2 flail of draining (weapon)
 I - a +0 battleaxe
Missiles
 G - 3 throwing nets (quivered)
Armour
 e - a +0 cloak (worn)
 k - a +2 scale mail of cold resistance
 l - a +0 large shield (worn)
 o - a +0 pair of boots (worn)
 H - the +1 chain mail of the Imp (worn) {+Inv rPois}
   (You bought it in a shop on level 11 of the Dungeon)

   It protects you from poison.
   It lets you turn invisible.
 M - a +3 chain mail
 X - a +0 pair of gloves (worn)
Jewellery
 u - an amulet of regeneration (around neck)
 v - an uncursed ring of protection from fire
 D - a +4 ring of strength (right hand)
 N - an uncursed ring of ice
 U - a ring of poison resistance (left hand)
Wands
 n - a wand of acid (9/15)
 s - a wand of paralysis (13/24)
 y - a wand of acid (4/15)
 E - a wand of confusion (9/48)
 K - a wand of lightning (4/15)
 P - a wand of enslavement (12/24)
 S - a wand of flame (22/48)
 V - a wand of confusion (9/48)
Scrolls
 a - 3 scrolls of recharging
 b - 6 scrolls of enchant weapon
 g - 8 scrolls of remove curse
 m - 5 scrolls of fear
 A - 5 scrolls of fog
 B - 3 scrolls of immolation
 L - a scroll of identify
 Q - a scroll of magic mapping
Potions
 d - 4 potions of resistance
 i - 3 potions of agility
 r - 4 potions of curing
 x - 2 potions of invisibility
 C - 2 potions of magic
 F - a potion of flight
 J - a potion of mutation
 T - 2 potions of cure mutation
 W - a potion of beneficial mutation
Books
 j - a manual of Stealth
Miscellaneous
 O - a lamp of fire
 Z - a fan of gales
Comestibles
 c - 11 bread rations
 f - 26 fruits
 h - 6 slices of pizza
 q - 7 royal jellies
 z - 8 meat rations
 R - 4 beef jerkies


   Skills:
 + Level 16.6(16.1) Fighting
 + Level 14.5(14.0) Axes
 + Level 15.4(14.9) Armour
 - Level 0.8(0.5) Dodging
 + Level 7.4(7.0) Shields
 - Level 7.0(6.6) Invocations
 - Level 7.0(6.5) Evocations


You had 15 spell levels left.
You didn't know any spells.

Dungeon Overview and Level Annotations

Branches:
Dungeon (14/15)            Temple (0/1) D:4            Lair (6/6) D:8
  Swamp (1/4) Lair:2        Snake (1/4) Lair:3        Slime (0/5) Lair:6
    Orc (2/2) D:9
    Elf: Orc:2       Vaults: D:13-14

Altars:
Ashenzari
Gozag

Shops:
D:5 :   D:11 [*   Orc:1 *   Orc:2 =*

Annotations:
D:13 Rupert
Lair:2 1 exclusion
Lair:4 Xiguana's ghost, journeyman MiBe


Innate Abilities, Weirdness & Mutations

You are under a permanent stasis effect.
You can dig through walls and to a lower floor.
Your four strong arms can wield two-handed weapons with a shield.
You have a pair of large antennae on your head. (SInv)
You are robust. (+10% HP)


Message History

Wield which item (- for none, * to show all)? (? for menu, Esc to quit)
You feel magic returning to you.
You sense an unholy aura.
w - a +2 flail of draining (weapon)
Unknown command.
You closely miss the thorn hunter.
The thorn hunter is heavily damaged.
The thorn hunter fires a volley of thorns at you.
The volley of thorns hits you!
* * * LOW HITPOINT WARNING * * *
You take 38 damage, and have 6/152 hp.
MASSIVE DAMAGE!!
Your shield and chain mail of the Imp prevent you from hitting the thorn hunter.
The thorn hunter is heavily damaged.
The thorn hunter fires a volley of thorns at you.
The volley of thorns misses you.
The thorn hunter hits you but does no damage.
The thorn hunter hits you.
* * * LOW HITPOINT WARNING * * *
You take 5 damage, and have 1/152 hp.
You feel better. The thorn hunter hits you!!
You die...

♣♣>..≈..♣♣
♣♣♣.♣♣♣♣♣.
♣.≈≈≈≈.≈≈♣
♣♣
♣♣♣♣♣♣.≈♣♣
≈≈
♣♣≈.♣♣♣♣ {
...
♣♣♣...♣
♣≈≈ ♣≈≈♣♣
♣>.> ♣.≈♣♣
♣≈.≈♣≈.≈♣
{
♣≈≈.f@≈≈♣
{♣♣≈≈§≈≈♣♣
{ ♣♣♣♣♣♣♣
{ {{ {


You could see a thorn hunter.

Vanquished Creatures
  Kirke (D:13)
  8 hydras
  Fannar (Lair:3)
  2 anacondas (Snake:1)
  9 death yaks
  2 naga sharpshooters (Snake:1)
  Nergalle (Lair:3)
  4 unseen horrors
  Pikel (D:6)
  3 hill giants
  A deep elf mage (D:13)
  3 mana vipers
  2 griffons
  2 orc knights
  3 cyclopes
  A wolf spider (Lair:6)
  A manticore (D:13)
  3 ugly things
  An orc sorcerer (Orc:1)
  A salamander (Snake:1)
  8 black mambas
  7 elephants
  A guardian serpent (Lair:6)
  20 spiny frogs
  A gargoyle (D:10)
  A spiny frog (shapeshifter) (D:14)
  A kobold demonologist (D:11)
  2 rime drakes
  The ghost of p0werm0de the Stinger, a novice FoVM of Ashenzari (D:5)
  9 komodo dragons
  2 tengu conjurers (D:13)
  2 giant leeches
  4 trolls
  A queen bee (Lair:1)
  3 two-headed ogres
  A polar bear (Lair:5)
  A bog body (Swamp:1)
  Prince Ribbit (Lair:3)
  23 blink frogs
  A boulder beetle (Lair:6)
  A redback (Lair:6)
  A shadow (D:13)
  A wraith (D:13)
  Sigmund (D:3)
  6 wyverns
  A hog (D:13)
  54 yaks
  3 basilisks
  10 hippogriffs
  3 hungry ghosts
  2 steam dragons
  3 wargs
  2 vampire mosquitoes (D:12)
  A soldier ant (D:13)
  2 mottled dragons
  3 nagas
  3 swamp worms (Swamp:1)
  8 porcupines
  23 water moccasins
  4 swamp drakes
  A black bear (Lair:1)
  17 orc warriors
  3 slaves (D:6)
  7 sky beasts
  An ice beast (D:11)
  A phantom (D:13)
  A necrophage (D:9)
  6 wasps
  15 ogres
  7 wolves (Lair:1)
  9 centaurs
  17 crocodiles
  4 big kobolds (D:7)
  13 giant frogs
  5 scorpions
  A water moccasin skeleton (D:5)
  28 killer bees
  An electric eel (Lair:2)
  4 howler monkeys (D:11)
  3 centaur zombies
  A giant frog zombie (D:5)
  2 quasits
  8 jellies
  5 crimson imps
  2 giant frog skeletons
  13 orc priests
  5 gnoll shamans
  4 hounds
  14 orc wizards
  A centaur skeleton (D:8)
  Natasha (thrice) (D:3)
  10 iguanas
  Ijyb (D:3)
  7 hell rats (Lair:2)
  15 worker ants
  21 sheep
  A hound zombie (D:7)
  2 hound skeletons (D:5)
  A howler monkey zombie (D:10)
  2 worker ant zombies (D:5)
  22 gnolls
  75 river rats
  14 adders
  A shadow imp (D:8)
  2 oozes (D:2)
  An adder skeleton (D:8)
  6 worms
  3 dart slugs
  2 giant geckos
  86 orcs
  A ball python (D:1)
  5 giant cockroaches
  17 goblins
  18 hobgoblins
  17 jackals
  4 quokkas
  8 bats
  A giant gecko skeleton (D:5)
  A giant gecko zombie (D:5)
  4 giant newts
  2 jackal skeletons
  17 kobolds
  9 rats
  7 fungi
  11 plants
868 creatures vanquished.

Vanquished Creatures (others)
  A fire dragon (Lair:6)
  A hornet (Lair:6)
  A black mamba (Lair:6)
  A yak (Lair:6)
  3 humans (D:13)
  A slave (D:6)
  A gnoll (D:6)
  A butterfly (Lair:6)
  22 fungi
  23 plants
55 creatures vanquished.

Grand Total: 923 creatures vanquished

Notes
Turn   | Place    | Note
-------+----------+-------------------------------------------
     0 | Abyss:1  | mistymad the Formicid Abyssal Knight began the quest for the Orb.
     0 | Abyss:1  | Reached XP level 1. HP: 18/18 MP: 2/2
    11 | D:1      | Escaped the Abyss
    60 | D:1      | Reached XP level 2. HP: 22/24 MP: 3/3
   401 | D:1      | Reached ** piety under Lugonu
   467 | D:1      | Reached XP level 3. HP: 24/30 MP: 4/4
  1042 | D:2      | Reached skill level 4 in Fighting
  1045 | D:2      | Reached XP level 4. HP: 37/37 MP: 5/5
  1152 | D:2      | Found a faded altar of an unknown god.
  1590 | D:3      | Noticed Sigmund
  1743 | D:3      | Reached *** piety under Lugonu
  1768 | D:3      | Noticed Natasha
  1782 | D:3      | Killed Natasha
  1782 | D:3      | Reached XP level 5. HP: 34/43 MP: 6/6
  1908 | D:3      | Noticed Ijyb
  1918 | D:3      | Killed Ijyb
  1949 | D:3      | Found an opulent altar of Gozag.
  2244 | D:4      | Found a staircase to the Ecumenical Temple.
  2339 | D:4      | Reached XP level 6. HP: 47/50 MP: 7/7
  2346 | D:4      | Got a bloodstained war axe
  2347 | D:4      | Identified the +7 war axe of Offence {antimagic, SInv} (You found it on level 4 of the Dungeon)
  2430 | D:4      | Noticed an ogre
  2438 | D:4      | Killed an ogre
  2438 | D:4      | Reached skill level 5 in Fighting
  2684 | D:3      | Noticed Natasha
  2691 | D:3      | Killed Natasha
  2691 | D:3      | Reached XP level 7. HP: 50/56 MP: 2/8
  2706 | D:3      | Noticed Natasha
  2710 | D:3      | Killed Natasha
  2954 | D:3      | Reached **** piety under Lugonu
  3190 | D:2      | Found a shattered altar of Ashenzari.
  3302 | D:3      | Killed Sigmund
  3302 | D:3      | Reached skill level 5 in Axes
  3302 | D:3      | Reached skill level 5 in Armour
  3485 | D:3      | Reached skill level 6 in Fighting
  3896 | D:4      | Got a crude leather armour
  3907 | D:4      | Identified the +2 leather armour of Beogh's Outrage {+Blink +Inv} (You found it on level 4 of the Dungeon)
  4260 | D:5      | Entered Level 5 of the Dungeon
  4277 | D:5      | Reached XP level 8. HP: 48/64 MP: 3/9
  4315 | D:5      | Noticed p0werm0de's ghost (novice FoVM)
  4333 | D:5      | Killed p0werm0de's ghost
  4391 | D:5      | Reached skill level 7 in Fighting
  4660 | D:5      | Reached ***** piety under Lugonu
  4662 | D:5      | Reached XP level 9. HP: 64/72 MP: 3/10
  4669 | D:5      | Reached skill level 1 in Shields
  4976 | D:5      | Found Jiecsueg's Book Boutique.
  5218 | D:6      | Noticed Pikel
  5229 | D:6      | Killed Pikel
  5229 | D:6      | Reached skill level 8 in Fighting
  6014 | D:7      | Reached XP level 10. HP: 82/82 MP: 3/11
  6260 | D:7      | Reached skill level 5 in Shields
  6262 | D:7      | Reached skill level 9 in Fighting
  6622 | D:7      | Reached ****** piety under Lugonu
  6891 | D:8      | Reached skill level 1 in Evocations
  7277 | D:8      | Found a staircase to the Lair.
  7908 | D:9      | Found a staircase to the Orcish Mines.
  8243 | D:9      | Reached XP level 11. HP: 86/90 MP: 4/13
  8692 | D:10     | Entered Level 10 of the Dungeon
  8831 | D:10     | Reached skill level 10 in Fighting
  8903 | D:10     | Reached skill level 5 in Invocations
  9225 | D:10     | Noticed a hill giant
  9234 | D:10     | Killed a hill giant
  9238 | D:10     | Reached skill level 10 in Armour
  9238 | D:10     | Reached skill level 5 in Evocations
  9831 | Lair:1   | Entered Level 1 of the Lair of Beasts
  9982 | Lair:1   | Reached XP level 12. HP: 85/98 MP: 5/16
 10838 | Lair:2   | Reached skill level 10 in Axes
 10860 | Lair:2   | Reached skill level 11 in Fighting
 10977 | Lair:2   | Found a staircase to the Swamp.
 11781 | Lair:3   | Noticed Fannar
 11794 | Lair:3   | Killed Fannar
 11827 | Lair:3   | Found a staircase to the Snake Pit.
 11922 | Lair:3   | Noticed Nergalle
 11963 | Lair:3   | Killed Nergalle
 12018 | Lair:3   | Noticed Prince Ribbit
 12182 | Lair:3   | Killed Prince Ribbit
 12257 | Lair:3   | Reached XP level 13. HP: 89/107 MP: 6/18
 12432 | Lair:3   | Reached skill level 12 in Fighting
 12543 | Lair:3   | Noticed a six-headed hydra
 13073 | Lair:4   | Noticed Xiguana's ghost (journeyman MiBe)
 13403 | Lair:4   | Cast into level 2 of the Abyss (Xiguana's ghost)
 13403 | Abyss:2  | Found a corrupted altar of Lugonu.
 13403 | Abyss:2  | Found a burning altar of Makhleb.
 13405 | Abyss:2  | Gained mutation: You are robust. (+10% HP) [a neqoxec]
 13413 | Lair:4   | Escaped the Abyss
 13481 | Lair:3   | Killed a 12-headed hydra
 14067 | Lair:4   | Cast into level 2 of the Abyss (Xiguana's ghost)
 14131 | Abyss:2  | Noticed a lich
 14140 | Lair:4   | Escaped the Abyss
 14247 | Lair:4   | Cast into level 3 of the Abyss (Xiguana's ghost)
 14255 | Abyss:3  | Noticed a dire elephant
 14256 | Lair:4   | Escaped the Abyss
 14756 | Lair:4   | Noticed a five-headed hydra
 15166 | Lair:5   | Reached skill level 13 in Fighting
 15266 | Lair:5   | HP: 6/122 [spiny frog (10)]
 15531 | Lair:5   | Reached XP level 14. HP: 105/129 MP: 6/19
 15880 | Lair:6   | Entered Level 6 of the Lair of Beasts
 16922 | Lair:6   | Reached skill level 14 in Fighting
 17502 | Lair:6   | Found a staircase to the Slime Pits.
 18034 | Lair:6   | Reached skill level 15 in Fighting
 18034 | Lair:6   | Reached XP level 15. HP: 137/141 MP: 6/20
 18507 | Lair:6   | Reached XP level 16. HP: 140/150 MP: 7/21
 19876 | D:11     | You fall through a shaft for 2 floors!
 19933 | D:13     | Noticed Kirke
 19968 | D:13     | Killed Kirke
 19968 | D:13     | Reached skill level 16 in Fighting
 21156 | D:11     | Reached skill level 15 in Armour
 21310 | D:11     | Got a jewelled cloak
 21321 | D:11     | Identified the -2 cloak of a Thousand Beggars {MP+9} (You found it on level 11 of the Dungeon)
 21359 | D:11     | Found Vial's General Store.
 21363 | D:11     | Bought a potion of heal wounds for 70 gold pieces
 21363 | D:11     | Bought a scroll of identify for 28 gold pieces
 21520 | D:11     | Found Giobaoh's Antique Armour Emporium.
 21542 | D:11     | Bought a pitted chain mail for 275 gold pieces
 21552 | D:11     | Identified the +1 chain mail of the Imp {+Inv rPois} (You bought it in a shop on level 11 of the Dungeon)
 22019 | D:13     | Noticed Rupert
 22783 | D:14     | Got an opal-encrusted ring mail
 22794 | D:14     | Identified the +1 ring mail "Peoloh" {rPois rCorr Dex+4 SInv} (You found it on level 14 of the Dungeon)
 23044 | Orc:1    | Entered Level 1 of the Orcish Mines
 23514 | Orc:1    | Found Atilog's General Store.
 23521 | Orc:1    | Bought a scroll of identify for 30 gold pieces
 23902 | Orc:2    | Entered Level 2 of the Orcish Mines
 23905 | Orc:2    | Found Ededanun's Jewellery Shop.
 24222 | Orc:2    | Found Juath's General Store.
 24409 | Snake:1  | Entered Level 1 of the Snake Pit
 25195 | Lair:4   | Cast into level 3 of the Abyss (Xiguana's ghost)
 25209 | Lair:4   | Escaped the Abyss
 25413 | Swamp:1  | Entered Level 1 of the Swamp
 25659 | Swamp:1  | Noticed a thorn hunter
 25679 | Swamp:1  | HP: 6/152 [thorn hunter/volley of thorns (39)]
 25680 | Swamp:1  | HP: 1/152 [thorn hunter (6)]
 25681 | Swamp:1  | Mangled by a thorn hunter

Vault maps used:
D:1:      dpeg_arrival_pits, minmay_pentomino_t4
D:2:      lemuel_upstairs_altar, first_bread, ecumenical_altar_1,
          kennysheep_cluttered_room, minmay_cupped
D:3:      lemuel_doored_altar, uniq_iyjb, uniq_sigmund, uniq_natasha
D:4:      serial_bayou_pond_e
D:5:      serial_shops, nicolae_shop_behind_doors, minmay_statues_item,
          serial_park_tiny_2
D:6:      uniq_pikel
D:7:      kennysheep_seaside_town
D:8:      corexii_shantytown, lair_0_dummy
D:9:      david_orc_1_choice
D:11:     serial_shops, nicolae_shop_trees, nicolae_shop_statue_plus
D:13:     uniq_rupert, uniq_kirke
D:14:     grunt_vaults_entry_fortified, hangedman_decor_peaks_small,
          corexii_leaking_fountain
Lair:1:   special_room
Lair:2:   minmay_swamp_entry_worms, grunt_megastairs_5,
          infiniplex_staircase_pool, serial_bayou_shore_b, serial_bayou_shore_b,
          lemuel_fruit_fields
Lair:3:   guppyfry_snake_entry_island, uniq_nergalle, uniq_prince_ribbit2,
          uniq_fannar
Lair:4:   minivault_25, ldierk_geyser, eino_small_chamber_without_monster,
          minivault_25, minivault_19
Lair:5:   beast_lair_carwin_8
Lair:6:   guppyfry_lair_end_dragon, hangedman_lair_tendril_chambers,
          nicolae_slime_entry_slimehenge, lemuel_fruit_fields
Swamp:1:  evilmike_swamp_ruin_rubble_1, swamp_pool1, hangedman_swamp_wriggling
Snake:1:  cheibrodos_snake_ritualist_ritual, serial_shops, nicolae_shop_stone
Orc:1:    cheibrodos_orc_bank, serial_shops, shop
Orc:2:    grunt_orc_gardens, grunt_orc_garden, grunt_orc_garden,
          grunt_orc_garden, grunt_orc_garden, uniq_saint_roka
Abyss:2:  hangedman_cross_veins
Abyss:3:  grunt_abyss_rune_forest_and_sorcery, bh_abyss_negative,
          hangedman_stitches_earthworm,
          evilmike_nicolae_abyss_rune_betentacled_crabyss

Skill      XL: |  1  2  3  4  5  6  7  8  9 10 11 12 13 14 15 16 |
---------------+-------------------------------------------------+-----
Armour         | 3 4 5 6 8 9 10 11 13 14 15 | 15.4
Fighting       | 4 5 6 7 8 9 10 11 13 15 16 | 16.6
Axes           | 3 4 5 6 7 8 9 10 12 13 14 | 14.5
Shields        | 4 5 7 |  7.4
Evocations     | 3 5 7 |  7.0
Invocations    | 3 6 7 |  7.0
Dodging        | |  0.8

Action                   |  1- 3 |  4- 6 |  7- 9 | 10-12 | 13-15 | 16-18 || total
-------------------------+-------+-------+-------+-------+-------+-------++-------
Melee: Hand axe          |    76 |   134 |       |       |       |       ||   210
       War axe           |       |    27 |   308 |   842 |   935 |   739 ||  2851
       Flail             |       |       |       |       |    28 |    48 ||    76
Invok: Bend Space        |       |       |       |       |    10 |     3 ||    13
       Depart the Abyss  |       |       |       |       |     3 |     1 ||     4
       Banish            |       |       |       |       |     1 |     3 ||     4
 Abil: Dig               |       |     2 |     4 |     9 |    17 |    18 ||    50
Evoke: Wand              |       |       |       |    10 |    17 |     4 ||    31
       Lamp of fire      |       |       |       |     1 |       |       ||     1
       Fan of gales      |       |       |       |       |     1 |       ||     1
  Use: Scroll            |       |    10 |     3 |    16 |     4 |     3 ||    36
       Potion            |       |       |       |     2 |     7 |    14 ||    23
 Stab: Paralysed         |       |       |       |       |     6 |       ||     6
       Confused          |       |       |       |       |       |     1 ||     1
  Eat: Chunk             |       |     6 |    12 |    26 |    24 |    25 ||    93
       Fruit             |       |       |       |       |       |     2 ||     2
Armor: Leather armour    |     8 |       |       |       |       |       ||     8
       Chain mail        |    19 |    82 |       |   319 |   494 |   347 ||  1261
       Scale mail        |       |     2 |   173 |    91 |       |       ||   266
       Skin              |       |       |       |     1 |       |       ||     1
Dodge: Dodged            |    46 |    46 |   100 |   347 |   355 |   166 ||  1060
Block: Buckler           |       |    14 |    37 |   171 |   179 |    59 ||   460
       Large shield      |       |       |       |       |       |   412 ||   412
